Construct Medical Station
Selects Advanced Infantry Battlegroup
Selects Convert to Ranger Squad
Selects Designate Assault Position
Designate Assault Position
Designate Assault Position
Selects Ammunition Storage
Selects M2A1 105mm Howitzer Emplacement
Designate Assault Position
Selects Ranger Weapon Training
M18 Hellcat Tank Destroyer
Designate Assault Position
M18 Hellcat Tank Destroyer
Construct Weapon Support Center
Improved M9 Bazooka Rockets
Designate Assault Position
M18 Hellcat Tank Destroyer
Designate Assault Position
M4(105) Sherman Bulldozer
Designate Assault Position
M18 Hellcat Tank Destroyer
M18 Hellcat Tank Destroyer
Designate Assault Position